 Dungeon Crawl Stone Soup version 0.21.0 (webtiles) character file.

1129 Leibowitz the Cleaver (level 8, -3/67 HPs)
             Began as a Hill Orc Gladiator on Jan 7, 2018.
             Was a Believer of Okawaru.
             Slain by a cyan ugly thing (12 damage)
             ... on level 6 of the Dungeon.
             The game lasted 00:14:15 (4673 turns).

Leibowitz the Cleaver (Hill Orc Gladiator)          Turns: 4673, Time: 00:14:16

Health: -3/67      AC: 10    Str: 19    XL:     8   Next: 35%
Magic:  8/8        EV: 12    Int:  8    God:    Okawaru [**....]
Gold:   189        SH:  0    Dex: 12    Spells: 7/7 levels left

rFire    . . .     SeeInvis .   a - +2 broad axe (chop)
rCold    . . .     Gourm    .   (no shield)
rNeg     . . .     Faith    .   h - +0 ring mail
rPois    .         Spirit   .   c - +0 helmet
rElec    .         Reflect  .   (no cloak)
rCorr    .         Harm     .   (no gloves)
MR       .....                  v - +2 pair of boots
Stlth    +.........             (no amulet)
HPRegen  0.21/turn              u - ring of wizardry
MPRegen  0.11/turn              (no ring)

@: no status effects
A: no striking features
a: Heroism, Renounce Religion


You were on level 6 of the Dungeon.
You worshipped Okawaru.
Okawaru was pleased with you.
You were very hungry.

You visited 2 branches of the dungeon, and saw 7 of its levels.
You also visited: Ossuary.

You collected 189 gold pieces.

Inventory:

Hand Weapons
 a - a +2 broad axe of chopping (weapon)
Missiles
 d - 3 throwing nets (quivered)
Armour
 c - a +0 helmet (worn)
 h - a +0 ring mail (worn)
 l - a +0 pair of boots
 v - a +2 pair of boots (worn)
Jewellery
 u - a ring of wizardry (left hand)
Scrolls
 m - a scroll of noise {unknown}
 n - 3 scrolls of identify {unknown}
 p - a scroll of fog {unknown}
 t - a scroll of amnesia {unknown}
 w - a scroll of immolation {unknown}
 y - 2 scrolls of remove curse
Potions
 b - 3 potions of curing
 e - a potion of haste {unknown}
 g - a potion of degeneration {unknown}
 i - a potion of ambrosia {unknown}
 j - a potion of cancellation {unknown}
 k - a potion of berserk rage {unknown}
 o - a potion of might {unknown}
 q - a potion of magic {unknown}
 r - a potion of resistance {unknown}
 x - a potion of agility {unknown}
 z - 3 potions of lignification {unknown}
 A - 2 potions of flight {unknown}
 D - a potion of brilliance {unknown}
Comestibles
 f - 4 rations


   Skills:
 * Level 4.8 Fighting
 * Level 10.1 Axes
 - Level 1.7 Throwing
 * Level 4.2 Armour
 * Level 3.7 Dodging


You had 7 spell levels left.
You didn't know any spells.

Dungeon Overview and Level Annotations

Branches:
Dungeon (6/15)             Temple (1/1) D:4

Altars:
Ashenzari
Cheibriados
Dithmenos
Elyvilon
Fedhas
Gozag
Hepliaklqana
Kikubaaqudgha
Makhleb
Okawaru
Qazlal
Ru
Sif Muna
Uskayaw
Wu Jian
Xom
Yredelemnul
Zin
The Shining One

Shops:
D:4 }

Annotations:
D:4 Kenran's ghost, amateur MiGl


Message History

The cyan ugly thing gores you! The cyan ugly thing shocks you!
You barely miss the cyan ugly thing.
The cyan ugly thing gores you but does no damage.
You slice the cyan ugly thing!!
The cyan ugly thing is moderately wounded.
The cyan ugly thing gores you. The cyan ugly thing shocks you!
You are feeling very hungry.
The cyan ugly thing gores you but does no damage.
The cyan ugly thing barely misses you.
Okay, then.
You feel much better. The cyan ugly thing gores you!
The cyan ugly thing shocks you!
As you read the scroll labeled UMUSYE RUVVOEJ, it crumbles to dust.
It is a scroll of enchant armour.
Your +1 pair of boots glows green for a moment.
The cyan ugly thing completely misses you.
The cyan ugly thing gores you!
* * * LOW HITPOINT WARNING * * *
The cyan ugly thing shocks you!
You die...

#.....#
########.###.#
...........#.##
########......#
#..(...#
##.....#
#.....# #<....#
###@### #u#
##.#### #.....#
##...#.#
##......#
#.......#
#########


You could see a cyan ugly thing.

Vanquished Creatures
  Grinder (D:5)
  A black bear (D:5)
  An ogre (D:5)
  A centaur (D:5)
  An elf zombie (Ossuary)
  A bullfrog (D:5)
  A scorpion (D:5)
  A crimson imp (D:5)
  A centaur zombie (Ossuary)
  A human zombie (Ossuary)
  4 orc wizards (D:5)
  2 hounds
  An orc priest (D:5)
  2 mummies (Ossuary)
  A howler monkey skeleton (D:5)
  3 adders (D:2)
  2 adder zombies (Ossuary)
  5 dart slugs
  2 worms
  3 leopard geckos
  9 orcs
  2 ball pythons
  11 bats
  6 giant cockroaches
  6 goblins
  5 hobgoblins
  4 quokkas
  6 frilled lizards
  2 goblin zombies (Ossuary)
  9 hobgoblin zombies (Ossuary)
  3 jackal zombies (Ossuary)
  6 kobolds
  9 kobold zombies (Ossuary)
  8 orc zombies (Ossuary)
  11 rats
  A rat zombie (Ossuary)
133 creatures vanquished.

Notes
Turn   | Place    | Note
-------+----------+-------------------------------------------
     0 | D:1      | Leibowitz the Hill Orc Gladiator began the quest for the Orb.
     0 | D:1      | Reached XP level 1. HP: 18/18 MP: 1/1
    79 | D:1      | Reached XP level 2. HP: 19/25 MP: 2/2
   216 | D:1      | Reached XP level 3. HP: 13/30 MP: 3/3
   454 | D:1      | Reached skill level 1 in Armour
   814 | D:2      | Reached skill level 5 in Axes
  1145 | D:2      | Reached XP level 4. HP: 24/38 MP: 4/4
  1576 | D:2      | Found a glowing golden altar of the Shining One.
  2406 | D:3      | Found a shimmering altar of Xom.
  2747 | D:4      | Noticed Kenran's ghost (amateur MiGl)
  2755 | D:3      | Reached XP level 5. HP: 22/45 MP: 5/5
  2802 | D:4      | Found a staircase to the Ecumenical Temple.
  2811 | Temple   | Entered the Ecumenical Temple
  2859 | Temple   | Became a worshipper of Warmaster Okawaru
  3168 | D:4      | Noticed a two-headed ogre
  3285 | D:4      | Reached skill level 6 in Axes
  3307 | D:4      | Found Kusu Yli's Gadget Boutique.
  3330 | D:4      | Found a sand-covered staircase.
  3339 | Ossuary  | Entered an ossuary
  3438 | Ossuary  | Reached XP level 6. HP: 47/51 MP: 6/6
  3506 | Ossuary  | Reached skill level 7 in Axes
  3515 | Ossuary  | Reached * piety under Okawaru
  3659 | D:5      | Entered Level 5 of the Dungeon
  3744 | D:5      | Found an ornate altar of the Wu Jian Council.
  3751 | D:5      | Reached XP level 7. HP: 49/58 MP: 7/7
  3902 | D:5      | Reached skill level 8 in Axes
  4145 | D:5      | Noticed Grinder
  4154 | D:5      | Paralysed by Grinder for 4 turns
  4174 | D:5      | Paralysed by Grinder for 7 turns
  4185 | D:5      | Killed Grinder
  4185 | D:5      | Reached ** piety under Okawaru
  4185 | D:5      | Reached skill level 9 in Axes
  4185 | D:5      | Reached XP level 8. HP: 40/67 MP: 8/8
  4197 | D:5      | Found a hazy altar of Hepliaklqana.
  4447 | D:5      | Reached skill level 10 in Axes
  4649 | D:6      | Noticed a cyan ugly thing
  4673 | D:6      | Slain by a cyan ugly thing

Skill      XL: |  1  2  3  4  5  6  7  8 |
---------------+-------------------------+-----
Armour         | 1 2 3 4 |  4.2
Axes           | 5 6 7 9 10 | 10.1
Fighting       | 3 4 |  4.8
Dodging        | 3 |  3.7
Throwing       | |  1.7

Action                   |  1- 3 |  4- 6 |  7- 9 || total
-------------------------+-------+-------+-------++-------
Melee: War axe           |   125 |    89 |       ||   214
       Broad axe         |       |   102 |    52 ||   154
  Use: Scroll            |       |     2 |     1 ||     3
       Potion            |       |       |     5 ||     5
 Stab: Sleeping          |     1 |       |       ||     1
  Eat: Chunk             |     1 |     6 |     1 ||     8
       Ration            |       |     1 |       ||     1
Armor: Leather armour    |    32 |       |       ||    32
       Ring mail         |    11 |    74 |    26 ||   111
Dodge: Dodged            |    83 |   123 |    26 ||   232
